cohdb
Replays
Latest Replays
All Replays
Popular Replays
Top Player Replays
Match Explorer
How It Works
Community
CoH3 Stats
Reddit
Sign in to upload your games and track your stats! →
Sign in with Steam
Match 42632765
Unlisted
Match 42632765
Overview
Messages
Build Orders
End
Construct Barracks
Riflemen Squad
Riflemen Squad
Riflemen Squad
Grenade Package
Mechanized Support Center
Riflemen Squad
Construct Motor Pool
Construct Medical Station
M16 Multiple Gun Motor Carriage
M3 75 mm Gun Motor Carriage
Designate Forward Repair Station
Riflemen Squad
Selects Heavy Weapons
Selects Assault Carriers
Selects Exchangeable Parts
MadCrown
HeroSandwich
Dadical
The Governor
B1t
SkyCurv
飞云岩射蟹
Link626
0
0
Comments
sign in to comment!
No comments posted yet!